AoeStats
← yack

Arabia

510092063Analyzed
1v1 RM · 4d ago on Sep 29, 2026· 32m 38s· 2 players
Game mode
Random Map
Map size
Tiny (2 player)
Population
200
Speed
Normal
Resources
Standard
Victory
Conquest
Starting age
Dark Age
Ending age
Imperial Age
RankedLock teamsTeams togetherTeam positionsShared explorationLock speedFull tech treeHidden civsTurbo modeCheats
Victory
Defeat
🇨🇱 Khmer · Chile
790
+17
🇺🇸 Berbers · United States
817
-44
Orson Welles
4:58 Loom
9:55 Feudal Age
10:23 Double-Bit Axe
15:53 Bloodlines
17:54 Scale Barding Armor
18:00 Forging
19:07 Horse Collar
23:07 Castle Age
23:57 Husbandry
24:05 Gold Mining
24:08 Stone Mining
24:26 Crossbowman
28:31 Chain Barding Armor
28:02 Fletching
29:36 Padded Archer Armor
32:59 Iron Casting
32:19 Bodkin Arrow
yack
9:23 Loom
12:34 Feudal Age
14:08 Wheelbarrow
29:01 Double-Bit Axe
Connection lost

Rejoining the realm…

Still unreachable

The connection could not be restored.

Session expired

The server has moved on; the page needs a fresh start.